 Dungeon Sprint DCSS version 0.27.1 (webtiles) character file.

Game seed: 14871147835397225152

555 styxcanada the Unseen (level 7, 0/38 HPs)
             Began as a Spriggan Brigand on Aug 29, 2021.
             Was an Initiate of Gozag.
             Killed from afar by a burning bush (15 damage)
             ... with a puff of flame
             ... in the Dungeon (Sprint IV: "Fedhas' Mad Dash").
             The game lasted 00:04:41 (596 turns).

styxcanada the Unseen (Spriggan Brigand)             Turns: 596, Time: 00:04:41

Health: 0/38       AC: 10    Str:  7    XL:     7   Next: 8%
Magic:  8/8        EV: 23    Int: 12    God:    Gozag
Gold:   222        SH:  0    Dex: 25    Spells: 6/6 levels left

rFire    . . .     SeeInvis +   m - +0 short sword (protect)
rCold    . . .     Faith    .   (shield restricted)
rNeg     . . .     Spirit   .   b - +0 robe
rPois    .         Reflect  .   (helmet restricted)
rElec    .         Harm     .   c - +0 cloak
rCorr    .         Rampage  .   (gloves unavailable)
Will     +....     NoTele   +   (boots unavailable)
Stlth    +++++++...             j - amulet of invisibility {+Inv}
HPRegen  0.12/turn              n - +6 ring of dexterity
MPRegen  0.11/turn              (no ring)

@: under a protective aura, very slightly contaminated, very quick
A: very small, no large weapons, unfitting armour, see invisible, speed 3
a: Renounce Religion, Evoke Invisibility, Potion Petition, Call Merchant, Bribe
Branch


You were in the Dungeon.
You worshipped Gozag.
Gozag was aware of your devotion.
You visited 1 branch You collected 306 gold pieces.
You spent 84 gold pieces at shops.

Inventory:

Hand Weapons
 a - a +2 dagger
 m - a +0 short sword of protection (weapon)
Missiles
 d - 8 poisoned darts (quivered)
 e - 2 curare-tipped darts
Armour
 b - a +0 robe (worn)
 c - a +0 cloak (worn)
Jewellery
 j - the amulet of invisibility (around neck) {+Inv}
   (You found it in the Dungeon)

   [amulet of nothing]

   +Inv:      It lets you turn invisible.
 n - a +6 ring of dexterity (left hand)
Scrolls
 k - a scroll of blinking
 l - 4 scrolls of identify
 o - a scroll of vulnerability {unknown}
Potions
 f - a potion of curing
 g - a potion of heal wounds
 h - a potion of haste
 i - 2 potions of magic


   Skills:
 * Level 4.5 Fighting
 + Level 5.2 Short Blades
 + Level 4.2 Throwing
 * Level 6.7 Dodging
 * Level 17.2 Stealth
 * Level 4.7 Evocations


You had 6 spell levels left.
You didn't know any spells.
Your spell library was empty.

Dungeon Overview and Level Annotations

Branches:
Dungeon (1/1)

Altars:
Cheibriados
Dithmenos
Elyvilon
Gozag
Hepliaklqana
Kikubaaqudgha
Makhleb
Nemelex Xobeh
Okawaru
Qazlal
Ru
Sif Muna
Trog
Uskayaw
Vehumet
Wu Jian
Xom
Yredelemnul
Zin
The Shining One
Beogh
Jiyva
Lugonu

Shops:
D ?(


Innate Abilities, Weirdness & Mutations

You are very small and have problems with some larger weapons.
You are too small for most types of armour.
You have supernaturally acute eyesight. (SInv)
You cover ground extremely quickly. (Speed+++)


Message History

You hit the burning bush.
The burning bush is severely damaged.
The burning bush throws fire at you. The puff of flame hits you!
You hit the burning bush but do no damage.
The burning bush is severely damaged.
You hit the burning bush.
The burning bush is severely damaged.
You hit the burning bush but do no damage.
The burning bush is severely damaged.
The burning bush throws fire at you. The puff of flame hits you!
You hit the burning bush but do no damage.
The burning bush is severely damaged.
You hit the burning bush but do no damage.
The burning bush is severely damaged.
The burning bush throws fire at you. The puff of flame hits you!
You completely miss the burning bush.
The burning bush is severely damaged.
You hit the burning bush but do no damage.
The burning bush is severely damaged.
You hit the burning bush.
The burning bush is severely damaged.
You hit the burning bush but do no damage.
The burning bush is severely damaged.
The burning bush throws fire at you. The puff of flame misses you.
You hit the burning bush.
The burning bush is almost destroyed.
You hit the burning bush but do no damage.
The burning bush is almost destroyed.
You hit the burning bush but do no damage.
The burning bush is almost destroyed.
You hit the burning bush but do no damage.
The burning bush is almost destroyed.
The burning bush throws fire at you. The puff of flame hits you!
You die...
Your body crumbles into a pile of gold.

###################
_._.⌠.#..'.))#....#
._._..'..#...#..@P+
_._...#..###'##.$[#
$$
._._..#..##∩∩f'...#
_._.⌠.#############
####### $ $


You could see a wandering mushroom and a burning bush.

Vanquished Creatures
  A wandering mushroom (D)
  3 scorpions (D)
  3 oklob saplings (D)
  2 spriggans (D)
  A river rat (D)
  A rat (D)
11 creatures vanquished.

Vanquished Creatures (others)
  A fungus (D)
1 creature vanquished.

Grand Total: 12 creatures vanquished

Notes
Turn   | Place    | Note
-------+----------+-------------------------------------------
     0 | D        | styxcanada the Spriggan Brigand began the quest for the
                  | Orb.
     0 | D        | Reached XP level 1. HP: 10/10 MP: 2/2
    21 | D        | Reached skill level 7 in Stealth
    21 | D        | Reached XP level 2. HP: 15/15 MP: 3/3
    34 | D        | Reached skill level 8 in Stealth
    48 | D        | Noticed an oklob sapling
    53 | D        | Killed an oklob sapling
    54 | D        | Reached skill level 9 in Stealth
    54 | D        | Reached XP level 3. HP: 19/19 MP: 4/4
   103 | D        | Noticed a scorpion
   103 | D        | Found the amulet of invisibility {+Inv}
   105 | D        | Killed a scorpion
   106 | D        | Reached skill level 12 in Stealth
   106 | D        | Reached XP level 4. HP: 23/23 MP: 5/5
   128 | D        | Found an opulent altar of Gozag.
   128 | D        | Found a hazy altar of Hepliaklqana.
   128 | D        | Found a burning altar of Makhleb.
   128 | D        | Found a sparkling altar of Nemelex Xobeh.
   128 | D        | Found a snail-covered altar of Cheibriados.
   128 | D        | Found a sacrificial altar of Ru.
   128 | D        | Found a shimmering blue altar of Sif Muna.
   128 | D        | Found a shimmering altar of Xom.
   128 | D        | Found a basalt altar of Yredelemnul.
   129 | D        | Found a viscous altar of Jiyva.
   129 | D        | Found a bloodstained altar of Trog.
   129 | D        | Found an ornate altar of the Wu Jian Council.
   130 | D        | Found an iron altar of Okawaru.
   130 | D        | Found a shadowy altar of Dithmenos.
   130 | D        | Found a glowing silver altar of Zin.
   131 | D        | Found an ancient bone altar of Kikubaaqudgha.
   131 | D        | Found a hide-covered altar of Uskayaw.
   132 | D        | Found a stormy altar of Qazlal.
   132 | D        | Found a white marble altar of Elyvilon.
   132 | D        | Found a glowing golden altar of the Shining One.
   133 | D        | Became a worshipper of Gozag Ym Sagoz the Greedy
   134 | D        | Found a corrupted altar of Lugonu.
   134 | D        | Found a radiant altar of Vehumet.
   138 | D        | Reached skill level 13 in Stealth
   138 | D        | Reached XP level 5. HP: 28/28 MP: 3/6
   150 | D        | Reached skill level 14 in Stealth
   178 | D        | Reached skill level 1 in Evocations
   179 | D        | Reached skill level 5 in Dodging
   179 | D        | Reached skill level 15 in Stealth
   181 | D        | Reached XP level 6. HP: 33/33 MP: 4/7
   206 | D        | Found Adutomn's Antique Weapon Shop.
   207 | D        | Found Conuwnir's Magic Scroll Emporium.
   212 | D        | Bought a scroll of identify for 28 gold pieces
   212 | D        | Bought a scroll of identify for 28 gold pieces
   212 | D        | Bought a scroll of identify for 28 gold pieces
   233 | D        | Noticed a burning bush
   233 | D        | Noticed a wandering mushroom
   234 | D        | Noticed a wandering mushroom
   248 | D        | Killed a wandering mushroom
   249 | D        | Reached skill level 5 in Short Blades
   249 | D        | Reached skill level 17 in Stealth
   249 | D        | Reached XP level 7. HP: 37/38 MP: 6/8
   596 | D        | Killed from afar by a burning bush

Illustrated notes

Levels and vault maps discovered:
D:        dungeon_sprint_fedhas [sprint_temple]

Skill      XL: |  1  2  3  4  5  6 |
---------------+-------------------+-----
Dodging        | 2 3 4 5 6 |  6.7
Stealth        | 7 9 12 13 15 17 | 17.2
Fighting       | 2 3 4 |  4.5
Short Blades   | 3 4 5 |  5.2
Throwing       | 3 4 |  4.2
Evocations     | 2 4 |  4.7

Action                   |  1- 3 |  4- 6 |  7- 9 || total
-------------------------+-------+-------+-------++-------
Melee: Dagger            |     9 |       |       ||     9
       Short sword       |       |    16 |    42 ||    58
Throw: Dart              |     6 |       |       ||     6
 Abil: Evoke Invisibilit |       |     3 |     2 ||     5
  Use: Potion            |     1 |       |       ||     1
 Stab: Sleeping          |     1 |     5 |       ||     6
       Invisible         |       |     3 |       ||     3
       Distracted        |       |       |     1 ||     1
Armor: Robe              |     2 |     2 |       ||     4
Dodge: Dodged            |     2 |    13 |    10 ||    25
